 Dungeon Crawl Stone Soup version 0.30.1-3-gfc49f6343a (webtiles) character file.

Game seed: 16206769363533767595

10299 spardeous the Placeless Demigod (level 11, -5/74 HPs)
             Began as a Demigod Conjurer on Aug 5, 2023.
             Slain by a two-headed ogre
             ... wielding a +0 giant spiked club
              (18 damage)
             ... on level 11 of the Dungeon.
             The game lasted 00:20:45 (13004 turns).

spardeous the Placeless Demigod (Demigod Conjurer) Turns: 13004, Time: 00:20:45

Health: -5/74      AC: 10    Str: 11    XL:     11   Next: 12%
Magic:  11/27      EV: 16    Int: 32    God:
Gold:   143        SH:  0    Dex: 12    Spells: 19/26 levels left

rFire   . . .        q - staff of poison "Doplif" {rPois Str+3}
rCold   . . .        K - +2 buckler
rNeg    . . .        U - +1 troll leather armour
rPois   +            H - +2 helmet
rElec   .            y - +0 cloak
rCorr   .            (no gloves)
SInv    .            x - +0 pair of boots
Will    +....        z - amulet of magic regeneration
Stlth   +            s - +5 ring of evasion
HPRegen 1.12/turn    S - ring of wizardry
MPRegen 0.60/turn

%: wizardry (x1)
@: confused, about to teleport, ambrosia-drunk, spiked
A: high MP 1, forlorn, divine attributes
a: no special abilities


You were on level 11 of the Dungeon.
You visited 1 branch of the dungeon, and saw 11 of its levels.
You also visited: Sewer and Ossuary.

You collected 718 gold pieces.
You spent 575 gold pieces at shops.

Inventory:

Hand Weapons
 J - the +4 quarterstaff of Light {heavy, rPois rF+}
   (You found it on level 5 of the Dungeon)

   rF:        It protects you from fire.
   rPois:     It protects you from poison.
Armour
 n - a +0 chain mail
 u - a +0 ring mail
 x - a +0 pair of boots (worn)
 y - a +0 cloak (worn)
 C - a +0 leather armour
 H - a +2 helmet (worn)
 K - a +2 buckler (worn)
 O - +0 steam dragon scales
 P - the scarf of Dus Azia {harm, -Cast +Inv SInv}
   (You found it on level 7 of the Dungeon)

   SInv:      It lets you see invisible.
   +Inv:      It lets you turn invisible.
   -Cast:     It prevents spellcasting.
 U - a +1 troll leather armour (worn)
Magical Staves
 q - the staff of poison "Doplif" (weapon) {rPois Str+3}
   (You found it in a sewer)

   [staff of poison]

   Base accuracy: +5 Base damage: 5 Base attack delay: 1.2 This weapon's minimum
   attack delay (0.6) is reached at skill level 12.
   Str:       It affects your strength (+3).
   rPois:     It protects you from poison.
   It falls into the 'Staves' category.
   It is a one-handed weapon.
Jewellery
 g - a ring of fire
 s - a +5 ring of evasion (left hand)
 z - an amulet of magic regeneration (around neck)
 M - a ring of see invisible
 S - a ring of wizardry (right hand)
Wands
 a - a wand of digging (3)
 o - a wand of roots (4)
 v - a wand of flame (26)
 Q - a wand of acid (8)
Scrolls
 e - 4 scrolls of blinking {unknown}
 f - 4 scrolls of teleportation
 h - 2 scrolls of magic mapping {unknown}
 i - 6 scrolls of vulnerability
 j - 5 scrolls of enchant armour {unknown}
 m - 7 scrolls of identify {unknown}
 p - 3 scrolls of enchant weapon {unknown}
 w - 3 scrolls of fear {unknown}
 B - a scroll of torment {unknown}
 D - a scroll of butterflies {unknown}
 E - a scroll of fog {unknown}
 I - 4 scrolls of poison {unknown}
 L - 3 scrolls of amnesia {unknown}
 R - a scroll of immolation {unknown}
Potions
 c - 2 potions of berserk rage {unknown}
 d - 5 potions of curing {unknown}
 k - a potion of flight {unknown}
 l - a potion of ambrosia
 r - a potion of attraction {unknown}
 t - 2 potions of resistance {unknown}
 A - 5 potions of lignification {unknown}
 F - 3 potions of mutation {unknown}
 G - 3 potions of might {unknown}
 N - 5 potions of heal wounds {unknown}
 T - a potion of haste {unknown}


   Skills:
 - Level 1.7 Dodging
 - Level 1.7 Stealth
 - Level 8.0 Spellcasting
 - Level 9.3 Conjurations
 + Level 11.3 Translocations


You had 19 spell levels left.
You knew the following spells:

 Your Spells              Type           Power      Damage    Failure   Level
a - Magic Dart            Conj           100%       1d8       1%          1
b - Searing Ray           Conj           100%       2d8       1%          2
c - Iskenderun's Mystic   Conj/Tloc      68%        2d14      1%          4

Your spell library contained the following spells:

 Spells                   Type           Power      Damage    Failure   Level
 Dazzling Flash           Conj/Hex       84%        N/A       1%          3
 Hailstorm                Conj/Ice       42%        3d10      1%          3
 Stone Arrow              Conj/Erth      84%        3d12      1%          3
 Passage of Golubria      Tloc           72%        N/A       1%          4
 Iskenderun's Battlesphe  Conj           64%        2d11      1%          5
 Beastly Appendage        Tmut           24%        N/A       3%          1
 Freeze                   Ice            48%        1d6       3%          1
 Ensorcelled Hibernation  Hex/Ice        24%        N/A       4%          2
 Passwall                 Tmut/Erth      10%        N/A       4%          2
 Wereblood                Tmut           12%        N/A       4%          2
 Fulminant Prism          Conj/Hex       21%        3d12      4%          4
 Frozen Ramparts          Ice            24%        1d4       9%          3
 Spider Form              Tmut/Pois      19%        N/A       9%          3
 Swiftness                Air            12%        N/A       9%          3
 Fireball                 Conj/Fire      21%        3d10      12%         5
 Animate Armour           Summ/Erth      24%        N/A       28%         4
 Orb of Destruction       Conj           32%        9d10      45%         7
 Conjure Ball Lightning   Conj/Air       21%        3x3d6     52%         6
 Iron Shot                Conj/Erth      21%        9d5       52%         6
 Blade Hands              Tmut           6%         N/A       58%         5
 Silence                  Hex/Air        6%         N/A       58%         5
 Lehudib's Crystal Spear  Conj/Erth      21%        10d6      100%        8


Dungeon Overview and Level Annotations

Branches:
Dungeon (11/15)            Temple (0/1) D:7            Lair (0/5) D:9
    Orc (0/2) D:10          Sewer (visited)         Ossuary (visited)

Shops:
D:4 *

Annotations:
D:8 2 transporters, kitiara's ghost, novice TeAE


Innate Abilities, Weirdness & Mutations

You have an increased reservoir of magic. (+10% MP)
You shall have no god before yourself.
Your divine heritage dramatically boosts your attributes as you level up.


Message History

The manticore is almost dead.
The mystic blast hits something!!
Reactivating autopickup.
You feel a bit more experienced.
The mystic blast hits the two-headed ogre!!
The two-headed ogre is severely wounded.
You hear a shout!
The two-headed ogre closely misses you. x2
A centaur warrior comes into view.
You now have 1/27 mp.
Unknown command.
Okay, then.
As you read the scroll of teleportation, it crumbles to dust.
You feel strangely unstable.
The centaur warrior wields a +0 shortbow.
The centaur warrior shoots an arrow.
The arrow hits you. You block the manticore's attack. The manticore misses you.
The manticore claws you.
You take 8 damage, and have 41/74 hp.
Okay, then.
Okay, then.
It was a potion of ambrosia.
You are confused.
You feel invigorated.
The two-headed ogre hits you with a +0 giant spiked club.
The two-headed ogre misses you. The manticore barely misses you.
The manticore claws you but does no damage.
The manticore claws you.
You take 2 damage, and have 39/74 hp.
You regained 3 mp, and now have 5/27 mp.
The barbs in your skin will harm you if you move.
Continue? [Y]es or [N]o only, please.
The barbs in your skin will harm you if you move.
Continue?
Okay, then.
The centaur warrior shoots an arrow.
The arrow hits you!
* * * LOW HITPOINT WARNING * * *
The two-headed ogre hits you with a +0 giant spiked club!
* * * LOW HITPOINT WARNING * * *
The two-headed ogre hits you with a +0 giant club!!
You die...

..#..w......o.##
...............##
..?.............## #
....... #....#.##.#
....... #.......#.# ..
.......#### ##.....##( #..
.......?..####).#...###...
....###......c.......#....
. ####H@o............# .
###.O............#
..####.#........†....##
......................##
..........##..#........#
.............##........#
............##.....#####
.............#..####
.................#


You could see a centaur warrior, a two-headed ogre, a manticore and an orc
warrior.

Vanquished Creatures
  Gastronok (D:11)
  A two-headed ogre (D:8)
  A cyclops (D:10)
  2 gargoyles (D:10)
  An unseen horror (D:11)
  A troll (D:10)
  2 hornets
  A shadow (D:10)
  9 yaks (D:10)
  A wraith (D:10)
  A vampire (D:9)
  Menkaure (D:4)
  2 steam dragons
  Edmund (D:5)
  2 black bears
  2 ice beasts (D:6)
  2 orc warriors
  2 ogres
  2 sky beasts
  8 centaurs
  Blork the orc (D:6)
  3 kobold brigands
  5 elf zombies (Ossuary)
  3 scorpions
  2 bullfrogs (Sewer)
  3 wights (D:7)
  6 killer bees (D:10)
  6 electric eels (D:10)
  4 howler monkeys
  3 centaur zombies (Ossuary)
  4 human zombies (Ossuary)
  4 hounds
  2 jellies
  Crazy Yiuf (D:6)
  3 orc priests
  3 sleepcaps
  A gnoll bouda (D:10)
  Ijyb (D:4)
  7 orc wizards
  Natasha (thrice) (D:4)
  3 iguanas
  3 mummies (Ossuary)
  8 adders
  7 gnolls
  A shadow imp (D:3)
  A white imp (D:7)
  4 worms
  3 dart slugs
  20 orcs
  7 endoplasms
  8 giant cockroaches
  8 goblins
  6 hobgoblins
  7 jackals
  30 kobolds
  5 quokkas
  9 ball pythons
  7 bats
  7 frilled lizards (Sewer)
  7 rats
259 creatures vanquished.

Notes
Turn   | Place    | Note
-------+----------+-------------------------------------------
     0 | D:1      | spardeous the Demigod Conjurer began the quest for the Orb.
     0 | D:1      | Reached XP level 1. HP: 14/14 MP: 5/5
   283 | D:1      | Reached XP level 2. HP: 20/20 MP: 2/7
  1375 | D:2      | Learned a level 2 spell: Searing Ray
  1447 | D:2      | Reached XP level 3. HP: 26/26 MP: 4/9
  2103 | D:3      | Found a glowing drain.
  2127 | Sewer    | Entered a sewer
  2184 | Sewer    | Reached XP level 4. HP: 33/33 MP: 8/11
  2578 | Sewer    | Noticed a bullfrog
  2578 | Sewer    | Noticed a bullfrog
  2581 | Sewer    | Killed a bullfrog
  2582 | Sewer    | Reached skill level 5 in Conjurations
  2582 | Sewer    | Reached XP level 5. HP: 28/38 MP: 7/13
  2680 | Sewer    | Identified the staff of poison "Doplif" {rPois Str+3}
  3309 | D:3      | Noticed an ice beast
  4223 | D:4      | Noticed Menkaure
  4228 | D:4      | Killed Menkaure
  4229 | D:4      | Reached XP level 6. HP: 33/45 MP: 8/15
  4732 | D:4      | Noticed Natasha
  4737 | D:4      | Killed Natasha
  4887 | D:4      | Noticed Natasha
  4888 | D:4      | Reached skill level 5 in Spellcasting
  4888 | D:4      | Reached XP level 7. HP: 50/50 MP: 11/18
  4905 | D:4      | Killed Natasha
  5047 | D:4      | Found Namumpis's Assorted Antiques.
  5056 | D:4      | Bought a scroll labelled TIVUATTIOSO for 25 gold pieces
  5056 | D:4      | Bought a scroll labelled AWKATZ PIRODI for 25 gold pieces
  5056 | D:4      | Bought a leather armour for 50 gold pieces
  5085 | D:4      | Noticed a moth of wrath
  5223 | D:4      | Noticed Natasha
  5228 | D:4      | Killed Natasha
  5280 | D:4      | Noticed Ijyb
  5292 | D:4      | Killed Ijyb
  5385 | D:4      | Learned a level 4 spell: Iskenderun's Mystic Blast
  5413 | D:5      | Entered Level 5 of the Dungeon
  5431 | D:5      | Identified the +4 quarterstaff of Light {heavy, rPois rF+}
  5749 | D:5      | Noticed Edmund
  6188 | D:6      | Noticed Blork the orc
  6201 | D:6      | Killed Blork the orc
  6223 | D:6      | Reached XP level 8. HP: 32/57 MP: 15/21
  6643 | D:6      | Found a runed translucent door.
  6644 | D:6      | Noticed Crazy Yiuf
  7267 | D:5      | Killed Edmund
  7395 | D:6      | Killed Crazy Yiuf
  7498 | D:7      | Noticed a hornet
  7588 | D:7      | Found a staircase to the Ecumenical Temple.
  7732 | D:7      | Killed a hornet
  7774 | D:7      | Reached XP level 9. HP: 49/62 MP: 15/24
  8010 | D:7      | Identified the scarf of Dus Azia {harm, -Cast +Inv SInv}
  8285 | D:7      | You fall into a shaft and drop 3 floors!
  8285 | D:10     | Entered Level 10 of the Dungeon
  8304 | D:10     | Found a staircase to the Orcish Mines.
  8387 | D:10     | Reached skill level 1 in Translocations
  8430 | D:10     | Reached skill level 2 in Translocations
  8614 | D:10     | Reached skill level 3 in Translocations
  8779 | D:10     | Reached skill level 4 in Translocations
  9163 | D:10     | Noticed a gargoyle
  9167 | D:10     | Reached skill level 5 in Translocations
  9173 | D:10     | Noticed a cyclops
  9235 | D:10     | Reached skill level 6 in Translocations
  9373 | D:9      | Reached XP level 10. HP: 35/69 MP: 15/26
  9716 | D:9      | Found a staircase to the Lair.
  9909 | D:9      | Reached skill level 7 in Translocations
 10382 | D:8      | Found a sand-covered staircase.
 10392 | Ossuary  | Entered an ossuary
 10499 | Ossuary  | Reached skill level 8 in Translocations
 10646 | D:8      | Found a transporter.
 10647 | D:8      | Noticed a two-headed ogre
 10661 | D:8      | Killed a two-headed ogre
 10662 | D:8      | Reached skill level 9 in Translocations
 10683 | D:8      | Found a transporter.
 10714 | D:8      | Noticed a moth of wrath
 10729 | D:8      | Noticed kitiara's ghost (novice TeAE)
 11668 | D:4      | Bought a scroll labelled BONOMPIADECK for 25 gold pieces
 11668 | D:4      | Bought a shiny troll leather armour for 450 gold pieces
 12191 | D:10     | Reached skill level 10 in Translocations
 12474 | D:10     | Killed a cyclops
 12961 | D:11     | Noticed Gastronok
 12972 | D:11     | Noticed a fire dragon
 12983 | D:11     | Noticed a manticore
 12993 | D:11     | Killed Gastronok
 12994 | D:11     | Reached skill level 11 in Translocations
 12994 | D:11     | Reached XP level 11. HP: 73/74 MP: 12/27
 12994 | D:11     | Noticed a two-headed ogre
 13001 | D:11     | Noticed a centaur warrior
 13004 | D:11     | Slain by a two-headed ogre

Illustrated notes

Levels and vault maps discovered:
D:1:      lightli_iron_boxes, layout_basic, serial_forest,
          infiniplex_forest_lined_2, infiniplex_forest_straight_2,
          infiniplex_forest_join, infiniplex_forest_clump_small,
          infiniplex_forest_end_2, infiniplex_forest_clump_curved,
          infiniplex_forest_corner_1, infiniplex_forest_corner_1,
          infiniplex_forest_lined_3, infiniplex_forest_zigzag_2,
          chequers_hall_statues_y, serial_park_tiny_pond
D:2:      layout_basic
D:3:      corexii_shack_village, layout_basic, cheibrodos_sewer_entry_drain,
          grunt_ministairs_6, lightli_corner_chamber
D:4:      layout_cave_pools, tgw_trog, serial_shops, shop, uniq_menkaure,
          uniq_ijyb, uniq_natasha
D:5:      layout_loops_cross, old_standard_altar, uniq_edmund
D:6:      layout_loops_ring, uniq_crazy_yiuf_cottage, uniq_blork_the_orc
D:7:      layout_loops_ring, amcnicky_altar_gilded,
          grunt_temple_overflow_forces_of_nature, minmay_temple_entry_offerings
D:8:      layout_basic, gammafunk_ghost_wrathful_warriors, enter_ossuary_2
D:9:      layout_stronghold, dpeg_oklobed_lair
D:10:     hangedman_cross_stitches, layout_cross, lightli_temple_of_fire,
          mainiacjoe_overflow_paths, overflow_temple_1_default, xom_redecorated,
          orc_0_dummy, serial_bayou_lake_a
D:11:     layout_cave_pools, minmay_fractal_squares_gapless_7, uniq_gastronok

Skill      XL: |  1  2  3  4  5  6  7  8  9 10 |
---------------+-------------------------------+-----
Spellcasting   | 2 3 4 5 6 7 8 |  8.0
Conjurations   | 4 5 6 7 8 9 |  9.3
Translocations | 6 11 | 11.3
Dodging        | |  1.7
Stealth        | |  1.7

Action                     |  1- 3 |  4- 6 |  7- 9 | 10-12 || total
---------------------------+-------+-------+-------+-------++-------
  Melee: Dagger            |     1 |       |       |       ||     1
         Staff             |       |     1 |     1 |    24 ||    26
   Cast: Magic Dart        |    74 |   135 |    74 |     5 ||   288
         Searing Ray       |       |    11 |    31 |     1 ||    43
         Iskenderun's Myst |       |       |    90 |   126 ||   216
  Evoke: Wand              |       |       |       |     3 ||     3
    Use: Scroll            |       |       |     3 |     1 ||     4
         Potion            |       |       |       |     2 ||     2
 Armour: Robe              |     1 |     3 |       |       ||     4
         Ring mail         |       |     1 |     9 |       ||    10
         Leather armour    |       |       |    12 |       ||    12
         Steam dragon scal |       |       |     7 |    27 ||    34
         Troll leather arm |       |       |       |     5 ||     5
  Dodge: Dodged            |     8 |    19 |    68 |    90 ||   185
  Block: Buckler           |       |       |     7 |    31 ||    38
